 Dungeon Crawl Stone Soup version 0.26-a0-812-g31a745ddcd (webtiles) character file.

Game seed: 14189081246634179402

4 RaHiT the Sneak (level 1, 0/16 HPs)
             Began as an Octopode Delver on Nov 13, 2020.
             Was an Initiate of Cheibriados.
             Slain by a jelly (2 damage)
             ... on level 5 of the Dungeon.
             The game lasted 00:05:11 (653 turns).

RaHiT the Sneak (Octopode Delver)                    Turns: 653, Time: 00:05:11

Health: 0/16       AC: -3    Str: 12    XL:     1   Next: 60%
Magic:  1/1        EV: 13    Int: 13    God:    Cheibriados [......]
Gold:   26         SH:  0    Dex: 14    Spells: 0/0 levels left

rFire    . . .     SeeInvis .     - Unarmed
rCold    . . .     Faith    .   (no shield)
rNeg     . . .     Spirit   .   (helmet restricted)
rPois    .         Reflect  .   (no amulet)
rElec    .         Harm     .   (no ring)
rCorr    .         Rampage  .   (no ring)
MR       .....                  (no ring)
Stlth    ++++......             (no ring)
HPRegen  0.05/turn              (no ring)
MPRegen  0.07/turn              (no ring)
                                (no ring)
                                (no ring)

@: corroded, very slow
A: almost no armour, stealthy swim, amphibious, 8 rings, constrict 8, camouflage
1, gelatinous body 1
a: Bend Time, Renounce Religion


You were on level 5 of the Dungeon.
You worshipped Cheibriados.
Cheibriados was noncommittal.
You visited 2 branches of the dungeon, and saw 3 of its levels.

You collected 26 gold pieces.

Inventory:

Wands
 e - a wand of digging (3)
Scrolls
 a - a scroll of fog
 b - a scroll of magic mapping
 c - a scroll of fear
 f - a scroll of amnesia {unknown}
Potions
 d - a potion of haste


   Skills:
 - Level 3.0 Fighting
 - Level 2.0 Dodging
 * Level 6.9 Stealth
 - Level 2.0 Unarmed Combat


You couldn't memorise any spells.
You didn't know any spells.
Your spell library was empty.

Dungeon Overview and Level Annotations

Branches:
Dungeon (5/15)             Temple (1/1) D:5

Altars:
Cheibriados
Dithmenos
Elyvilon
Hepliaklqana
Kikubaaqudgha
Nemelex Xobeh
Okawaru
Sif Muna
Uskayaw
Wu Jian
Xom
Yredelemnul
Zin

Annotations:
D:5 Dowan


Innate Abilities, Weirdness & Mutations

You cannot wear most types of armour.
You are very stealthy in the water. (Stealth+)
You are amphibious.
You can wear up to eight rings at the same time.
You can use your tentacles to constrict eight enemies at once.
Your skin changes colour to match your surroundings (Stealth+).
Your rubbery body absorbs attacks. (AC +1, EV +1)


Message History

HP restored.
Found a fizzy green potion.
Found a scroll labelled URINWEZAZI and an orange potion.
f - a scroll labelled URINWEZAZI Dowan, Brother of Duvessa comes into view.
He is wielding a +0 dagger.
Found a stone staircase leading up.
Okay, then.
The jelly quivers.
Okay, then.
You tentacle-slap the jelly.
Your tentacles burn!
The jelly is lightly wounded.
You tentacle-slap the jelly.
Your tentacles burn!
The jelly is moderately wounded.
The jelly hits you. The acid corrodes you!
You are splashed with acid.
* * * LOW HITPOINT WARNING * * *
You tentacle-slap the jelly.
Your tentacles burn!
* * * LOW HITPOINT WARNING * * *
The jelly is heavily wounded.
The jelly hits you.
You die...

.........[..:........ ...###.##.#
..........?..... #..###..# #.##.#
.##..|#.....##.# #..# #..# #.##.#
............##.###..###..######.#
..........J..............#....#.#
.........<....................(.#
......>...##.####.#............
#...###..###.####.###..........
#............J@...# #.##.######
#..####..###.###### #.##.#
###........# #.# #.##.#
.....####.## #.# #.##.# ####.#
#.# ### #....# #.# #.# ####.# #.#
#.# #.# #.# #.# #.# ### ### ###


You could see a jelly.

Vanquished Creatures
  A leopard gecko (D:5)
  A quokka (D:5)
  A ball python (D:5)
3 creatures vanquished.

Notes
Turn   | Place    | Note
-------+----------+-------------------------------------------
     0 | D:5      | RaHiT the Octopode Delver began the quest for the Orb.
     0 | D:5      | Reached XP level 1. HP: 16/16 MP: 1/1
     8 | Temple   | Entered the Ecumenical Temple
   194 | Temple   | Became a worshipper of Cheibriados the Contemplative
   232 | D:5      | Noticed an iguana
   252 | D:5      | Noticed an ice beast
   277 | D:5      | Noticed a worker ant
   347 | D:4      | Noticed an iguana
   394 | D:5      | Noticed a jelly
   399 | D:4      | Noticed a scorpion
   608 | D:5      | Noticed Dowan
   653 | D:5      | Slain by a jelly

Illustrated notes

Levels and vault maps discovered:
D:4:      layout_rooms, serial_bayou_lagoon_a, minmay_unequal
D:5:      layout_basic, gammafunk_temple_overflow_forgotten,
          minmay_temple_entry_mini_moons, ebering_ghost_reflecting_pool,
          uniq_duvessa, uniq_ijyb, uniq_sigmund, uniq_edmund
Temple:   oiseaux_autumnal_temple

Action                   || total
-------------------------++-------
Melee: Unarmed           ||     8
       Constrict         ||     3
       Tentacles         ||     1
Dodge: Dodged            ||     4

Table legend: (Time is in decaauts)
 A = Elapsed time spent in this place.
 B = Non-inter-level travel time spent in this place.
 C = Inter-level travel time spent in this place.
 D = Time resting spent in this place.
 E = Time spent auto-exploring this place.
 F = Levels seen in this place.
 G = Mean time per level.
                   A        B        C        D        E       F      G
               +--------+--------+--------+--------+--------+-----+--------+
         Total |    735 |    702 |     33 |    154 |    171 |   3 |  245.0 |
       Dungeon |    519 |    519 |      0 |    154 |      0 |   2 |  259.5 |
        Temple |    215 |    182 |     33 |      0 |    171 |   1 |  215.0 |
               +--------+--------+--------+--------+--------+-----+--------+

Top non-repeatable levels by time:
     D:5: 515 daAuts
  Temple: 215 daAuts
     D:4: 4 daAuts
